 Dungeon Crawl Stone Soup version 0.28-a0-1560-g060a6a1bfc (webtiles) character file.

Game seed: 13991780626478884358

613 Nattfarinn the Shield-Bearer (level 7, 0/44 HPs)
             Began as a Gargoyle Fighter on Jan 19, 2022.
             Slain by an ogre (16 damage)
             ... on level 4 of the Dungeon.
             The game lasted 00:05:10 (3294 turns).

Nattfarinn the Shield-Bearer (Gargoyle Fighter)     Turns: 3294, Time: 00:05:11

Health: 0/44       AC: 12    Str: 22    XL:     7   Next: 44%
Magic:  7/7        EV:  9    Int:  8    God:
Gold:   160        SH:  5    Dex: 11    Spells: 6/6 levels left

rFire   . . .      SeeInvis .   a - +0 war axe
rCold   + . .      Faith    +   c - +0 buckler
rNeg    + . .      Spirit   .   b - +0 scale mail
rPois   ∞          Reflect  .   (no helmet)
rElec   +          Harm     .   (no cloak)
rCorr   .          Rampage  .   (no gloves)
Will    .....                   (no boots)
Stlth   ..........              o - amulet of faith
HPRegen 0.14/turn               n - +4 ring of slaying
MPRegen 0.10/turn               (no ring)

@: unable to read
A: sickness immunity, AC +4, negative energy resistance 1, electricity
resistance, torment resistance 1, petrification resistance, agile 1, cold
resistance 1, inability to read while threatened
a: no special abilities


You were on level 4 of the Dungeon.
You visited 1 branch of the dungeon, and saw 4 of its levels.

You collected 160 gold pieces.

Inventory:

Hand Weapons
 a - a +0 war axe (weapon)
Armour
 b - a +0 scale mail (worn)
 c - a +0 buckler (worn)
Jewellery
 n - a +4 ring of slaying (left hand)
 o - an amulet of faith (around neck)
Wands
 m - a wand of polymorph (9)
Scrolls
 e - 2 scrolls of teleportation
 g - a scroll of amnesia {unknown}
 h - a scroll of identify {unknown}
 j - a scroll of holy word {unknown}
 s - a scroll of magic mapping {unknown}
 t - a scroll of brand weapon {unknown}
 u - a scroll of summoning {unknown}
Potions
 l - a potion of flight
 p - a potion of mutation
 q - a potion of resistance {unknown}
 r - a potion of degeneration {unknown}


   Skills:
 + Level 5.0 Fighting
 * Level 4.7 Axes
 + Level 5.0 Armour
 + Level 5.0 Shields


You had 6 spell levels left.
You didn't know any spells.
Your spell library was empty.

Dungeon Overview and Level Annotations

Branches:
Dungeon (4/15)
 Temple: D:4-7

Altars:
Dithmenos
Gozag
Trog

Shops:
D:2 ?*(*[


Innate Abilities, Weirdness & Mutations

You are immune to sickness and miasma.
Your stone body is resilient. (AC +4)
You are immune to poison.
You resist negative energy. (rN+)
You are resistant to electric shocks. (rElec)
You are resistant to unholy torment.
You are immune to petrification.
You are agile. (Dex +2)
Your flesh is cold resistant. (rC+)
You sometimes lose the ability to read scrolls when taking damage.


Message History

The orc priest begins to cast a cantrip, but forgets the words!
Something hits you but does no damage.
You miss something. Something hits you but does no damage.
You closely miss something. Something hits you but does no damage.
You hear some strange, mumbled words.
A magic dart appears from out of thin air!
The magic dart hits you.
You miss something. Something hits you but does no damage.
The orc priest looks braver for a moment.
You slash something!
Reactivating autopickup.
You feel a bit more experienced.
Your Fighting skill increases to level 5!
Your Armour skill increases to level 5!
Your Shields skill increases to level 5!
You slash the orc!
You kill the orc!
You slash the orc priest!
The orc priest is heavily wounded.
The orc priest hits you but does no damage.
The orc priest looks braver for a moment.
You slice the orc priest!!
You kill the orc priest!
You barely miss the orc. You block the orc's attack.
You hit the orc but do no damage.
A quokka comes into view.
The orc hits you but does no damage.
You slash the orc!
You kill the orc!
You slash the orc!
You kill the orc!
It was a potion of mutation.
You feel extremely strange.
You lose the ability to read scrolls when threatened.
You feel agile.
You feel resistant to cold. The ogre closely misses you.
You hit the ogre.
The ogre is lightly wounded.
The ogre hits you with a +0 giant club!
You feel threatened and lose the ability to read scrolls!
You die...

##.#.........###.#
.............# #.#
...##........# #.#
...#.........# #.#
##.#.........# #.#
#.#.........# #.#
..#.###.#.### #.#
..#. #.#<# #.# ..#
#@# .# #O# #w#


wlr ..... ....... ......... ##......... #.......!.# You could see an ogre, 2
worms, an iguana and a quokka.

Vanquished Creatures
  Grinder (D:3)
  A necrophage (D:4)
  Blork the orc (D:4)
  A scorpion (D:4)
  An orc priest (D:4)
  2 orc wizards
  A howler monkey skeleton (D:4)
  4 adders
  A dart slug (D:1)
  13 orcs
  6 endoplasms
  2 giant cockroaches
  7 goblins
  4 hobgoblins
  9 jackals (D:1)
  4 kobolds
  2 quokkas
  8 ball pythons
  10 bats
  2 frilled lizards
  2 rats (D:1)
82 creatures vanquished.

Notes
Turn   | Place    | Note
-------+----------+-------------------------------------------
     0 | D:1      | Nattfarinn the Gargoyle Fighter began the quest for the
                  | Orb.
     0 | D:1      | Reached XP level 1. HP: 14/14 MP: 1/1
   297 | D:1      | Reached XP level 2. HP: 16/19 MP: 2/2
   943 | D:1      | Reached XP level 3. HP: 23/23 MP: 3/3
  1072 | D:1      | Found a faded altar of an unknown god.
  1240 | D:2      | Found Xianim's Magic Scroll Boutique.
  1363 | D:2      | Found Xesidiry's Assorted Antiques.
  1398 | D:2      | Found Beuproda's Armour Shoppe.
  1501 | D:2      | Found Qoniy's Antique Weapon Shoppe.
  1583 | D:2      | Found Siabinn's Assorted Antiques.
  2078 | D:3      | Reached XP level 4. HP: 26/29 MP: 4/4
  2239 | D:3      | Noticed Grinder
  2253 | D:3      | Killed Grinder
  2254 | D:3      | Reached XP level 5. HP: 5/34 MP: 5/5
  2254 | D:3      | Reached XP level 6. HP: 6/39 MP: 6/6
  2789 | D:3      | Found an opulent altar of Gozag.
  2789 | D:3      | Found a shadowy altar of Dithmenos.
  3222 | D:4      | Found a bloodstained altar of Trog.
  3247 | D:4      | Noticed a necrophage
  3249 | D:4      | Noticed Blork the orc
  3254 | D:4      | Killed a necrophage
  3255 | D:4      | Reached XP level 7. HP: 38/44 MP: 7/7
  3260 | D:4      | Killed Blork the orc
  3286 | D:4      | Reached skill level 5 in Fighting
  3286 | D:4      | Reached skill level 5 in Armour
  3286 | D:4      | Reached skill level 5 in Shields
  3293 | D:4      | Gained mutation: You sometimes lose the ability to read
                  | scrolls when taking damage. [potion of mutation]
  3293 | D:4      | Gained mutation: You are agile. (Dex +2) [potion of
                  | mutation]
  3293 | D:4      | Gained mutation: Your flesh is cold resistant. (rC+)
                  | [potion of mutation]
  3294 | D:4      | Slain by an ogre

Illustrated notes

Levels and vault maps discovered:
D:1:      noname_arrival_rooms_in_the_neighbourhood, layout_basic,
          shapermc_ecumenical_altar_acropolis
D:2:      layout_basic, serial_shops, shop_fountains, nicolae_shop_waterfront,
          shop, nicolae_lakefront_shop, nicolae_shop_behind_doors,
          serial_bayou_pond_e, minivault_23
D:3:      layout_rooms, mainiacjoe_overflow_large_starburst,
          mrwooster_statue_mirror, st_stairs_11, uniq_grinder
D:4:      layout_basic, lightli_temple_of_fire, gammafunk_ghost_stat_death,
          minmay_cupped, uniq_blork_the_orc

Skill      XL: |  1  2  3  4  5  6  7 |
---------------+----------------------+-----
Axes           | 2 3 4 |  4.7
Fighting       | 4 5 |  5.0
Armour         | 4 5 |  5.0
Shields        | 4 5 |  5.0

Action                   |  1- 3 |  4- 6 |  7- 9 || total
-------------------------+-------+-------+-------++-------
Melee: War axe           |   132 |   103 |    32 ||   267
       Unarmed           |       |     4 |       ||     4
  Use: Scroll            |       |     1 |       ||     1
       Potion            |       |       |     6 ||     6
Armor: Scale mail        |   125 |    68 |    24 ||   217
Dodge: Dodged            |   116 |    55 |     4 ||   175
Block: Buckler           |    53 |    29 |     1 ||    83

Table legend: (Time is in decaauts)
 A = Elapsed time spent in this place.
 B = Non-inter-level travel time spent in this place.
 C = Inter-level travel time spent in this place.
 D = Time resting spent in this place.
 E = Time spent auto-exploring this place.
 F = Levels seen in this place.
 G = Mean time per level.
                   A        B        C        D        E       F      G
               +--------+--------+--------+--------+--------+-----+--------+
         Total |   3401 |   3345 |     56 |    473 |   2261 |   4 |  850.2 |
       Dungeon |   3401 |   3345 |     56 |    473 |   2261 |   4 |  850.2 |
               +--------+--------+--------+--------+--------+-----+--------+

Top non-repeatable levels by time:
     D:1: 1218 daAuts
     D:2: 1086 daAuts
     D:3: 864 daAuts
     D:4: 231 daAuts
